 Dungeon Crawl Stone Soup version 0.18-a0-721-g8fc53f4 (webtiles) character file.

146 Raultor the Slasher (level 5, -3/49 HPs)
             Began as a Naga Fighter on Dec 8, 2015.
             Slain by a scorpion (6 damage)
             ... on level 3 of the Dungeon.
             The game lasted 00:06:23 (2709 turns).

Raultor the Slasher (Naga Fighter)                  Turns: 2709, Time: 00:06:23

Health: -3/49      AC:  6    Str: 18    XL:     5   Next: 28%
Magic:  5/5        EV:  3    Int: 13    God:
Gold:   120        SH:  9    Dex: 12    Spells: 0 memorised, 4 levels left

rFire  . . .     SeeInvis +     a - +0 long sword
rCold  . . .     Clarity  .     f - +0 chain mail
rNeg   . . .     SustAt   .     c - +0 shield
rPois  +         Gourm    .     (no helmet)
rElec  .         Spirit   .     (no cloak)
rCorr  .         Dismiss  .     (no gloves)
rMut   .         Stasis   .     (no barding)
MR     .....                    (no amulet)
Stlth  ..........               (no ring)
                                (no ring)

@: brilliant, lethally poisoned (-3 -> -8), very slightly contaminated, hasted,
invisible, quick, not resistant to hostile enchantments, extremely unstealthy
A: see invisible, deformed body, mutation resistance 1, poison resistance,
slowness 2, slow metabolism 1, spit poison 2, AC +1
a: Spit Poison


You were on level 3 of the Dungeon.
You were not hungry.

You visited 1 branch of the dungeon, and saw 3 of its levels.

You collected 120 gold pieces.

Inventory:

Hand Weapons
 a - a +0 long sword (weapon)
Armour
 c - a +0 shield (worn)
 f - a +0 chain mail (worn)
   (You found it on level 3 of the Dungeon)
Scrolls
 g - 2 scrolls of immolation {unknown}
 h - a scroll of magic mapping {unknown}
 i - 3 scrolls of identify {unknown}
 k - 2 scrolls of enchant armour {unknown}
 p - 2 scrolls of amnesia {unknown}
 q - a scroll of remove curse {unknown}
 r - a scroll of noise {unknown}
Potions
 d - a potion of might
Comestibles
 e - 3 bread rations {@e1}
 n - a meat ration {@e2}


   Skills:
 + Level 3.4 Fighting
 * Level 4.1 Long Blades
 - Level 2.8 Armour
 + Level 0.1 Dodging
 + Level 2.9 Shields


You had 4 spell levels left.
You didn't know any spells.

Dungeon Overview and Level Annotations

Branches:
Dungeon (3/15)

Altars:
Kikubaaqudgha
Qazlal


Innate Abilities, Weirdness & Mutations

You cannot wear boots.
Your serpentine skin is tough (AC +1).
You have supernaturally acute eyesight.
Armour fits poorly on your strangely shaped body.
Your system is resistant to poisons.
You cover ground very slowly.
You have a slow metabolism.
You can spit poison.
You are somewhat resistant to further mutation.


Message History

You completely miss the adder.
You feel sick. The adder bites you but does no damage.
Aim: an adder The splash of poison hits the adder.
The adder is poisoned.
You kill the adder!
You feel slightly more hungry.
You see here an adder corpse.
You butcher the adder corpse.
b - 2 chunks of flesh {@w0} You feel sick.
You take 1 damage, and have 22/49 hp.
You start resting.
You have got your breath back.
You start resting.
You feel sick.
You are no longer poisoned.
You take 1 damage, and have 22/49 hp.
You start resting.
Health restored: 49 Key pressed, stopping explore.
No target in view!
A scorpion comes into view.
You block the scorpion's attack.
You hit the scorpion. The scorpion barely misses you.
You closely miss the scorpion. The scorpion stings you.
You take 4 damage, and have 45/49 hp.
You hit the scorpion. The scorpion stings you.
You are poisoned.
The scorpion poisons you!
You take 1 damage, and have 44/49 hp.
You closely miss the scorpion.
You feel sick.
The scorpion stings you but does no damage.
You take 2 damage, and have 42/49 hp.
You hit the scorpion.
You feel sick. The scorpion stings you. You block the scorpion's attack.
You take 5 damage, and have 37/49 hp.
You hit the scorpion but do no damage.
You feel sick.
The scorpion stings you but does no damage.
You take 1 damage, and have 36/49 hp.
Your chain mail prevents you from hitting the scorpion.
You feel sick. The scorpion stings you.
You are more poisoned.
The scorpion poisons you!
You take 2 damage, and have 34/49 hp.
Aim: a scorpion (moderately wounded)
The splash of poison hits the scorpion.
The scorpion appears unharmed.
You feel slightly more hungry.
You feel sick. You block the scorpion's attack.
All of the chunks of flesh in your inventory have rotted away.
You take 2 damage, and have 32/49 hp.
You hit the scorpion but do no damage.
You feel sick. You block the scorpion's attack.
You take 2 damage, and have 30/49 hp.
You closely miss the scorpion.
You feel sick. The scorpion stings you. The scorpion stings you.
You take 8 damage, and have 22/49 hp.
You hit the scorpion.
You have got your breath back.
You feel sick. The scorpion stings you.
You take 5 damage, and have 17/49 hp.
You closely miss the scorpion.
You feel sick. The scorpion stings you.
* * * LOW HITPOINT WARNING * * *
You take 7 damage, and have 10/49 hp.
Drink which item? (? for menu, Esc to quit)
It was a potion of brilliance.
You feel clever all of a sudden.
* * * LOW HITPOINT WARNING * * *
You feel sick. The scorpion barely misses you.
You take 1 damage, and have 9/49 hp.
Drink which item? (? for menu, Esc to quit)
It was a potion of invisibility.
You fade into invisibility!
* * * LOW HITPOINT WARNING * * *
You feel sick. You block the scorpion's attack.
You are very lightly contaminated with residual magic.
You take 1 damage, and have 8/49 hp.
Drink which item? (? for menu, Esc to quit)
Okay, then.
You barely miss the scorpion.
* * * LOW HITPOINT WARNING * * *
You feel sick. You block the scorpion's attack.
You block the scorpion's attack.
You take 1 damage, and have 7/49 hp.
You hit the scorpion.
* * * LOW HITPOINT WARNING * * *
You feel sick. You block the scorpion's attack.
You take 1 damage, and have 6/49 hp.
You hit the scorpion.
* * * LOW HITPOINT WARNING * * *
You feel sick. The scorpion stings you.
* * * LOW HITPOINT WARNING * * *
You take 2 damage, and have 4/49 hp.
Drink which item? (? for menu, Esc to quit)
It was a potion of mutation.
You feel extremely strange.
You feel genetically stable.
* * * LOW HITPOINT WARNING * * *
You feel sick. You block the scorpion's attack.
Drink which item? (? for menu, Esc to quit)
It was a potion of haste.
You feel yourself speed up.
* * * LOW HITPOINT WARNING * * *
You feel sick. The scorpion stings you.
You die...

#################
................#
##.##...#######.#
#.#....# ####.###
##......# #.......
. ........#
#.##.##. ...
##.##.#.# #.##.##.
.....##.##.#.#
#.##.##.
......s@.....#
#.##....
...#.#####+###
#.####.. ##...##
#.####.. ##.....##
#.......
##.......######.#.#
#.........####....#
+>........'........
#...>.)...####....#
##.......## ##..##


You could see a scorpion.

Vanquished Creatures
  A centaur skeleton (D:3)
  6 adders
  A worm (D:2)
  2 giant geckos
  3 ball pythons
  7 giant cockroaches
  13 goblins
  4 hobgoblins
  2 quokkas (D:3)
  5 bats
  7 giant newts
  6 kobolds
  14 rats
71 creatures vanquished.

Notes
Turn   | Place    | Note
--------------------------------------------------------------
     0 | D:1      | Raultor the Naga Fighter began the quest for the Orb.
     0 | D:1      | Reached XP level 1. HP: 21/21 MP: 1/1
   230 | D:1      | Reached XP level 2. HP: 28/28 MP: 2/2
   693 | D:1      | Reached XP level 3. HP: 34/34 MP: 3/3
  1146 | D:2      | Found a stormy altar of Qazlal.
  1201 | D:2      | Reached skill level 3 in Long Blades
  1333 | D:2      | Found a faded altar to an unknown god.
  1415 | D:2      | Reached XP level 4. HP: 25/42 MP: 4/4
  1985 | D:3      | Found an ancient bone altar of Kikubaaqudgha.
  2466 | D:3      | Reached skill level 4 in Long Blades
  2466 | D:3      | Reached XP level 5. HP: 35/49 MP: 5/5
  2702 | D:3      | HP: 10/49 [scorpion (6)]
  2707 | D:3      | HP: 5/49 [poisoned by a scorpion]
  2708 | D:3      | Gained mutation: You are somewhat resistant to further mutation. [potion of mutation]
  2709 | D:3      | Slain by a scorpion

Vault maps used:
D:1:      erik_arrival_cave_to_civilisation, minmay_rat_gold_closets
D:2:      grunt_qazlal_clouds, ecumenical_altar_1
D:3:      lemuel_upstairs_altar, kiku_gazebo_garden_becter, tgw_trog,
          first_bread, grunt_ministairs_13

Action                   |  1- 3 |  4- 6 || total
-------------------------+-------+-------++-------
Melee: Long sword        |   149 |   114 ||   263
 Abil: Spit Poison       |       |     2 ||     2
  Use: Potion            |       |     4 ||     4
  Eat: Chunk             |     1 |     4 ||     5

Vault maps used:
D:1:      erik_arrival_cave_to_civilisation, minmay_rat_gold_closets
D:2:      grunt_qazlal_clouds, ecumenical_altar_1
D:3:      lemuel_upstairs_altar, kiku_gazebo_garden_becter, tgw_trog,
          first_bread, grunt_ministairs_13

Table legend:
 A = Turns spent in this place as a percentage of turns spent in the entire game.
 B = Non-inter-level travel turns spent in this place as a percentage of non-inter-level travel turns spent in the entire game.
 C = Inter-level travel turns spent in this place as a percentage of turns spent in this place.
 D = Turns resting spent in this place as a percentage of non-inter-level travel turns spent in this place.
 E = Turns spent auto-exploring this place as a percentage of non-inter-level travel turns spent in this place.
 F = Non-inter-level travel turns spent in this place divided by the number of levels of this place that you've seen.
                   A       B       C       D       E      F
               +-------+-------+-------+-------+-------+----------------------
         Total | 100.0 | 100.0 |   0.3 |   0.7 |  17.9 | 201.3
       Dungeon | 100.0 | 100.0 |   0.3 |   0.7 |  17.9 | 201.3
               +-------+-------+-------+-------+-------+----------------------

Table legend:
 A = Kills in this place as a percentage of kills in entire the game.
 B = Kills by you in this place as a percentage of kills by you in the entire game.
 C = Kills by friends in this place as a percentage of kills by friends in the entire game.
 D = Other kills in this place as a percentage of other kills in the entire game.
 E = Experience gained in this place as a percentage of experience gained in the entire game.
 F = Experience gained in this place divided by the number of levels of this place that you have seen.
                   A       B       C       D       E      F
               +-------+-------+-------+-------+-------+----------------------
         Total | 100.0 | 100.0 |  -nan |  -nan | 100.0 |  69.7
       Dungeon | 100.0 | 100.0 |  -nan |  -nan | 100.0 |  69.7
               +-------+-------+-------+-------+-------+----------------------
